[Event "FIDE Women's Grand Swiss 2023"]
[Site "Villa Marina, Douglas, Isle of Man, Isle Of Man"]
[Date "2023.10.28"]
[Round "4.24"]
[White "Vantika, Agrawal"]
[Black "Gomez Barrera, Javiera Belen"]
[Result "1-0"]
[TimeControl "40/90 + 30 + 30s/move"]
[WhiteFideId "25050389"]
[BlackFideId "3418723"]
[WhiteElo "2435"]
[BlackElo "2266"]

1. d4 d5 2. c4 e6 3. Nf3 Nf6 4. g3 Be7 5. Bg2 c6 6. Qc2 O-O 7. O-O b6 8. Rd1 Nbd7 9. b3 Ba6 10.
Nbd2 c5 11. e4 dxc4 12. bxc4 cxd4 13. e5 Ng4 14. Qe4 h5 15. h3 Nc5 16. Qc2 d3 17. Qb1 Nh6 18. Nb3 Nf5 19. g4 Nh4 20.
Nxh4 Bxh4 21. Nxc5 bxc5 22. Rxd3 Qc7 23. Bxa8 Rxa8 24. Rd6 Bxc4 25. g5 Bd5 26. Qd3 Rb8 27. Rb1 c4 28. Qc2 g6 29.
Rxb8+ Qxb8 30. Qd2 Qc7 31. Qf4 Qa5 32. Bd2 c3 33. Rd7 f5 34. gxf6 g5 35. f7+ Kf8 36. Bxc3 gxf4 37. Bxa5 Be7 38.
Rxa7 Bxa2 39. Bc7 Bd5 40. Bd6 1-0

[Event "FIDE Women's Grand Swiss 2023"]
[Site "Villa Marina, Douglas, Isle of Man, Isle Of Man"]
[Date "2023.10.28"]
[Round "4.25"]
[White "Kanyamarala, Trisha"]
[Black "Nassr, Lina"]
[Result "1/2-1/2"]
[TimeControl "40/90 + 30 + 30s/move"]
[WhiteFideId "45004722"]
[BlackFideId "7908075"]
[WhiteElo "2184"]
[BlackElo "2066"]

1. d4 Nf6 2. c4 e6 3. Nf3 d5 4. Nc3 Be7 5. Bf4 O-O 6. e3 b6 7. Bd3 dxc4 8. Bxc4 Bb7 9. Qe2 a6 10.
O-O b5 11. Bd3 Nbd7 12. Rfd1 c5 13. dxc5 Bxc5 14. Ne5 Qe7 15. Nxd7 Nxd7 16. Bxh7+ Kxh7 17. Qd3+ Kg8 18. Qxd7 Qxd7 19.
Rxd7 Bc6 20. Rdd1 Rfd8 21. h3 Rac8 22. Rac1 Be7 23. Rxd8+ Rxd8 24. Ne2 Be4 25. Ng3 Bd5 26. b3 Bh4 27.
Nf1 Be4 28. f3 Bd3 29. e4 Be7 30. Kf2 a5 31. Ng3 a4 32. bxa4 bxa4 33. Ne2 g5 34. Be5 f6 35. Ba1 Kf7 36.
Nd4 Bd6 37. g3 Rd7 38. Nc6 Bb5 39. Nd4 Ba6 40. Nc6 Bc7 41.
Bc3 Bb6+ 42. Kg2 Rc7 43. Bd4 Rb7 44. Bc5 Ke8 45. Ba3 Rc7 46. Nb4 Rxc1 47. Bxc1 Bc4 48. a3 Kf7 49. Nc2 Bb3 50.
Nb4 Bc4 51. Nc2 Bb3 52. Ne3 Bxe3 53. Bxe3 Kg6 54. h4 gxh4 55. gxh4 f5 56. Kg3 fxe4 57. fxe4 Kh5 58. Bg5 Bc4 59.
Kf4 Bb3 60. Ke5 Bc4 61. Kd4 Bb3 62. Be7 Kg4 63. Bd8 Kh5 64. Kc5 Kg4 65. Kd6 Kh5 66. Ke5 Bc4 67. Kf4 Bb3 68. e5 Bd5 69.
Bf6 Bb3 70. Ke4 Bd5+ 71. Kd4 Bb3 72. Kc5 Kg6 1/2-1/2